 Dungeon Crawl Stone Soup version coffee-0.2.0 (webtiles) character file.

Game seed: 4199210902357310397, levelgen mode: deterministic

1105 Dorkslayer the Slasher (level 8, -9/54 HPs)
             Began as an Octopode Fighter on Oct 31, 2020.
             Was a Follower of Dithmenos.
             Killed from afar by Dorkslayer's ghost (33 damage)
             ... with an exploding inner flame
             ... hexed by the player character
             ... on level 4 of the Dungeon.
             The game lasted 00:15:42 (4792 turns).

Dorkslayer the Slasher (Octopode Fighter)           Turns: 4792, Time: 00:15:43

Health: -9/54      AC:  4    Str: 17    XL:     8   Next: 32%
Magic:  10/10      EV: 14    Int: 10    God:    Dithmenos [*.....]
Gold:   1144       SH: 10    Dex: 12    Spells: 7/7 levels left

rFire    . . .     SeeInvis .   i - +4 long sword (vorpal)
rCold    . . .     Gourm    .   b - +0 kite shield
rNeg     . . .     Faith    .   (helmet restricted)
rPois    .         Spirit   .   (no amulet)
rElec    .         Reflect  .   m - +3 ring of protection
rCorr    .         Harm     .   (no ring)
MR       .....                  (no ring)
Stlth    ++++++....             (no ring)
HPRegen  0.18/turn              (no ring)
MPRegen  0.12/turn              (no ring)
                                (no ring)
                                (no ring)

@: wreathed by umbra
A: almost no armour, stealthy swim, amphibious, 8 rings, constrict 8, camouflage
1, gelatinous body 1
a: Renounce Religion


You were on level 4 of the Dungeon.
You worshipped Dithmenos.
Dithmenos was aware of your devotion.
You were not hungry.

You visited 2 branches of the dungeon, and saw 6 of its levels.

You collected 1144 gold pieces.

Inventory:

Hand Weapons
 i - a +4 vorpal long sword (weapon)
Missiles
 j - 2 throwing nets (quivered)
Armour
 b - a +0 kite shield (worn)
Jewellery
 m - a +3 ring of protection (left tentacle)
Wands
 n - a wand of digging (5)
Scrolls
 f - 3 scrolls of remove curse
 g - 3 scrolls of teleportation
 l - a scroll of fear
 r - a scroll of amnesia
 w - a scroll of magic mapping
Potions
 c - 2 potions of mutation
 e - a potion of invisibility
 p - a potion of curing
 q - a potion of haste
 s - 2 potions of heal wounds
 t - a potion of stabbing
 u - a potion of lignification
 v - a potion of resistance
Comestibles
 a - 18 chunks of flesh
 d - 15 rations


   Skills:
 * Level 4.5(6.7) Fighting
 + Level 5.5 Long Blades
 + Level 1.0 Throwing
 * Level 4.3(6.6) Dodging
 + Level 5.3(9.2) Stealth
 * Level 4.6(6.7) Shields
 * Level 3.3 Evocations


You had 7 spell levels left.
You didn't know any spells.
Your spell library contained the following spells:

 Spells                   Type           Power        Failure   Level  Hunger
 Summon Small Mammal      Summ           #...         54%         1    None
 Call Imp                 Summ           #.......     69%         2    ##.....
 Call Canine Familiar     Summ           #.......     89%         3    ###....
 Summon Guardian Golem    Hex/Summ       #.......     89%         3    ###....
 Summon Ice Beast         Ice/Summ       #.......     97%         4    ####...
 Summon Lightning Spire   Summ/Air       #.......     100%        4    ####...


Dungeon Overview and Level Annotations

Branches:
Dungeon (5/10)             Temple (1/1) D:2

Altars:
Ashenzari
Dithmenos
Elyvilon
Fedhas
Hepliaklqana
Kikubaaqudgha
Makhleb
Nemelex Xobeh
Okawaru
Qazlal
Ru
Sif Muna
Trog
Uskayaw
Wu Jian
Xom
Yredelemnul
Zin
The Shining One

Shops:
D:3 (:


Innate Abilities, Weirdness & Mutations

You cannot wear most types of armour.
You are very stealthy in the water. (Stealth+)
You are amphibious.
You can wear up to eight rings at the same time.
You can use your tentacles to constrict eight enemies at once.
Your skin changes colour to match your surroundings (Stealth+).
Your rubbery body absorbs attacks. (AC +1, EV +1)


Message History

Aim: Dorkslayer's ghost (flame, almost destroyed, inner flame)
You throw a boomerang of dispersal.
The boomerang of dispersal hits Dorkslayer's ghost!
Flame seeps out of Dorkslayer's ghost.
Dorkslayer's ghost blinks!
Dorkslayer's ghost is almost destroyed.
Throwing (i - inventory)
j - 3 throwing nets (quivered)
Press: ? - help, Shift-Dir - straight line, f/p - Dorkslayer's ghost
Aim: Dorkslayer's ghost (almost destroyed, inner flame, immune to nets)
You throw a throwing net.
The throwing net hits Dorkslayer's ghost.
The net passes right through Dorkslayer's ghost!
Dorkslayer's ghost is almost destroyed.
You closely miss Dorkslayer's ghost.
Dorkslayer's ghost is almost destroyed.
Dorkslayer's ghost hits you.
You slash Dorkslayer's ghost!
Dorkslayer's ghost explodes!
The fiery explosion engulfs you!!
Ouch! That really hurt!
You die...

.##
#.........####.##########...
..####.##.#########.#
##########
....................#
#.......#
##..###.#.########..#
#.......#
.⌠...##..........#..#
#.......#
..#....#...###...#.%#
#..)....#
.#####.#...#...§§#.%#
#.......##
.....#.....#####§#.%#
#.........
.'...#...>.%...§@§..#
#.......##
.#...#...#####.§§§..#
#.......))
.###.#...#####.#'#..#
#......))#
..#..^...#.....#☼#..#
#.........
.⌠#......#.##.##§##.#
######.#.>
###.#....#.#...#≈##.# #.#..
....######.#...#≈##.# #.#..
..### #.#...#?##.# #.#.. .##
#.#...#≈##.# #.#..


There were no monsters in sight!

Vanquished Creatures
  2 ice beasts (D:5)
  An orc warrior (D:5)
  A centaur (D:5)
  A bullfrog (D:4)
  2 scorpions
  4 orc priests (D:5)
  A hound (D:5)
  A bullfrog skeleton (D:5)
  5 orc wizards (D:5)
  2 worker ants (D:5)
  A hound skeleton (D:4)
  7 gnolls
  3 adders
  An ooze (D:1)
  3 worms (D:2)
  3 dart slugs
  A leopard gecko (D:2)
  17 orcs
  4 giant cockroaches
  4 goblins
  7 hobgoblins
  3 jackals (D:2)
  3 quokkas
  A ball python (D:2)
  3 bats
  3 frilled lizards
  9 kobolds
  6 rats
99 creatures vanquished.

Vanquished Creatures (collateral kills)
  An orc priest (D:5)
  An orc wizard (D:5)
  2 orcs (D:5)
4 creatures vanquished.

Grand Total: 103 creatures vanquished

Notes
Turn   | Place    | Note
-------+----------+-------------------------------------------
     0 | D:1      | Dorkslayer the Octopode Fighter began the quest for the
                  | Orb.
     0 | D:1      | Reached XP level 1. HP: 16/16 MP: 1/1
   136 | D:1      | Reached XP level 2. HP: 21/21 MP: 2/2
   664 | D:1      | Reached skill level 1 in Stealth
   664 | D:1      | Reached XP level 3. HP: 26/26 MP: 3/3
   704 | D:2      | Found a staircase to the Ecumenical Temple.
   709 | Temple   | Entered the Ecumenical Temple
  1259 | D:2      | Reached XP level 4. HP: 18/31 MP: 4/4
  1723 | D:3      | Found a shimmering blue altar of Sif Muna.
  1725 | D:3      | Found an ornate altar of the Wu Jian Council.
  1731 | D:3      | Found a basalt altar of Yredelemnul.
  1979 | D:3      | Found Ruloro's Weapon Boutique.
  2055 | D:3      | Found Erirhac's Book Shop.
  2509 | D:4      | Reached XP level 5. HP: 26/36 MP: 5/5
  3207 | D:4      | Found a runed translucent door.
  3216 | D:4      | Noticed Dorkslayer's ghost (amateur OgFi)
  3430 | D:4      | Found a shattered altar of Ashenzari.
  3657 | D:5      | Entered Level 5 of the Dungeon
  3675 | D:5      | Reached XP level 6. HP: 31/43 MP: 6/6
  3924 | D:5      | Found a shattered altar of Ashenzari.
  3927 | D:5      | Found a shadowy altar of Dithmenos.
  3931 | D:5      | Became a worshipper of Dithmenos the Shadowed
  3935 | D:5      | Found a glowing silver altar of Zin.
  4249 | D:5      | Reached skill level 1 in Evocations
  4267 | D:5      | Reached XP level 7. HP: 28/47 MP: 6/8
  4440 | D:5      | Reached skill level 5 in Stealth
  4527 | D:5      | Reached skill level 5 in Long Blades
  4617 | D:5      | Reached XP level 8. HP: 50/54 MP: 10/10
  4619 | D:5      | Reached skill level 1 in Throwing
  4620 | D:5      | Reached * piety under Dithmenos
  4792 | D:4      | Killed Dorkslayer's ghost
  4792 | D:4      | Killed from afar by Dorkslayer's ghost

Levels and vault maps discovered:
D:1:      wander_arrival_lonely_grave, layout_loops_ring
D:2:      layout_loops_ring, temple_doors_e, first_ration
D:3:      layout_basic, chequers_temple_overflow_statue_of_worship,
          serial_shops, nicolae_shop_behind_doors, nicolae_shop_behind_doors,
          kennysheep_boxes
D:4:      layout_basic, ebering_ghost_sewer_d, evilmike_ruin_ashenzari
D:5:      layout_basic, grunt_temple_overflow_diamond, guppyfry_early_orc_mine
Temple:   oiseaux_autumnal_temple

Skill      XL: |  1  2  3  4  5  6  7  8 |
---------------+-------------------------+-----
Stealth        | 1 2 3 4 5 |  5.3
Long Blades    | 3 4 5 |  5.5
Evocations     | 1 2 3 |  3.3
Fighting       | 4 |  4.5
Dodging        | 4 |  4.3
Shields        | 4 |  4.6
Throwing       | 1 |  1.0

Action                   |  1- 3 |  4- 6 |  7- 9 || total
-------------------------+-------+-------+-------++-------
Melee: Long sword        |    37 |    87 |    42 ||   166
       Constrict         |    13 |    23 |     8 ||    44
       Tentacles         |     7 |    15 |     9 ||    31
       Short sword       |     8 |       |       ||     8
       Punch             |       |     1 |       ||     1
Throw: Boomerang         |       |     1 |     3 ||     4
       Throwing net      |       |       |     1 ||     1
Evoke: Sack of spiders   |       |       |     2 ||     2
  Use: Scroll            |     1 |     3 |     2 ||     6
       Potion            |     1 |       |     1 ||     2
 Stab: Sleeping          |    13 |     8 |     5 ||    26
       Distracted        |     1 |       |       ||     1
       Held in net/web   |       |       |     1 ||     1
  Eat: Chunk             |     1 |     6 |     2 ||     9
       Ration            |       |     1 |       ||     1
Armor: Skin              |     1 |    13 |     4 ||    18
Dodge: Dodged            |    12 |    33 |    16 ||    61
Block: Kite shield       |    10 |    27 |     9 ||    46
       Rpst.: Long sword |     3 |     7 |     4 ||    14
